 Dungeon Crawl Stone Soup version 0.30-a0-879-ga8ba668304 (webtiles) character file.

Game seed: 15929509884406322813

90 domi the Conjurer (level 4, -1/30 HPs)
             Began as a Demonspawn Conjurer on Mar 12, 2023.
             Slain by a kobold
             ... wielding a +0 spear
              (4 damage)
             ... on level 3 of the Dungeon.
             The game lasted 00:04:49 (2474 turns).

domi the Conjurer (Demonspawn Conjurer)             Turns: 2474, Time: 00:04:50

Health: -1/30      AC:  2    Str:  8    XL:     4   Next: 32%
Magic:  1/7        EV: 12    Int: 21    God:
Gold:   49         SH:  0    Dex: 11    Spells: 4/7 levels left

rFire   . . .      SeeInvis .    k - +3 short sword (freeze)
rCold   . . .      Faith    .    (no shield)
rNeg    . . .      Spirit   .    a - +0 robe
rPois   .          Reflect  .    (helmet restricted)
rElec   .          Rampage  .    (no cloak)
rCorr   .                        (no gloves)
Will    .....                    (no boots)
Stlth   +                        (no amulet)
HPRegen 0.25/turn                (no ring)
MPRegen 0.10/turn                (no ring)

@: confused
A: horns 1
a: no special abilities


You were on level 3 of the Dungeon.
You visited 1 branch of the dungeon, and saw 3 of its levels.

You collected 49 gold pieces.

Inventory:

Hand Weapons
 k - a +3 short sword of freezing (weapon)
   (You took it off an orc on level 2 of the Dungeon)
Armour
 a - a +0 robe (worn)
 e - a +0 cloak
   (You found it on level 1 of the Dungeon)
Scrolls
 c - a scroll of identify {unknown}
Potions
 b - 2 potions of ambrosia {unknown}
 d - 3 potions of flight {unknown}
 g - a potion of lignification {unknown}
 j - a potion of degeneration {unknown}


   Skills:
 - Level 1.7 Dodging
 - Level 1.7 Stealth
 + Level 2.3 Spellcasting
 + Level 5.6 Conjurations


You had 4 spell levels left.
You knew the following spells:

 Your Spells              Type           Power      Damage    Failure   Level
x - Searing Ray           Conj           52%        2d6       1%          2
z - Magic Dart            Conj           100%       1d8       1%          1

Your spell library contained the following spells:

 Spells                   Type           Power      Damage    Failure   Level
 Momentum Strike          Conj/Tloc      28%        3d8       7%          2
 Dazzling Flash           Conj/Hex       28%        N/A       13%         3
 Blink                    Tloc           4%         N/A       22%         2
 Lesser Beckoning         Tloc           4%         N/A       22%         2
 Vhi's Electric Charge    Tloc/Air       4%         N/A       38%         3
 Fulminant Prism          Conj/Hex       7%         3d7       41%         4
 Iskenderun's Mystic Bla  Conj/Tloc      14%        2d5       41%         4
 Arcjolt                  Conj/Air       7%         1d17      77%         5
 Maxwell's Capacitive Co  Air            1%         ∞         100%        8


Dungeon Overview and Level Annotations

Branches:
Dungeon (3/15)

Altars:

Shops:
D:2 =

Annotations:
D:3 Terence


Innate Abilities, Weirdness & Mutations

You have a pair of small horns on your head.


Message History

You don't have enough magic to cast this spell.
The orc closely misses you.
You climb upwards.
There is a stone staircase leading down here.
The orc attacks as you move away!
The orc hits you with a +2 short sword of protection.
The orc attacks as you move away! The orc barely misses you.
The orc attacks as you move away! The orc barely misses you.
The orc attacks as you move away!
The orc hits you with a +2 short sword of protection.
The orc attacks as you move away!
The orc hits you with a +2 short sword of protection.
The orc attacks as you move away! The orc barely misses you.
Aim: an orc, wielding a +2 short sword of protection (heavily wounded, 79% to hit)
The searing ray hits the orc. (Press . to maintain the ray.)
The orc barely misses you.
The searing ray hits the orc!
You kill the orc!
You see here a +2 short sword of protection.
k - a +2 short sword of protection Your +2 short sword of protection hums with potential!
k - a +2 short sword of protection (weapon)
You start resting.
Done exploring.
Done exploring.
Done exploring.
Done exploring.
(D) Dungeon
Where to? (Enter - D:3, ? - help)
There is a stone staircase leading down here.
You climb downwards.
You hear the sound of rushing water.
There is an entrance to a sewer on this level.
Hurry and find it before the portal rusts away!
You hear the slow rusting of a very distant drain.
There is a stone staircase leading up here.
As you read the scroll labelled IWKYURR HERHI, it crumbles to dust.
You hear a loud clanging noise!
It was a scroll of noise.
You hear a shout! x6; You hear an angry hiss.
You hear a shout! x2
A kobold comes into view. It is wielding a +0 whip.
As you read the scroll labelled JINUSHR TAFO, it crumbles to dust.
You assume a fearsome visage.
The kobold looks frightened!
It was a scroll of fear.
As you read the scroll labelled MOLEHUYKHYH, it crumbles to dust.
It is a scroll of brand weapon.
Your +2 short sword of protection is covered with a thin layer of ice!
k - a +2 short sword of freezing (weapon)
As you read the scroll labelled XOCELU JUOMUWK, it crumbles to dust.
It is a scroll of enchant weapon.
Your +2 short sword of freezing glows red for a moment.
Found a stone staircase leading up.
You see here 6 stones.
c - a scroll labelled JYSSOO YPEES You now have 49 gold pieces (gained 11).
An orc comes into view. It is wielding a +0 hand axe.
The orc shouts!
An orc wizard comes into view. It is wielding a +0 dagger.
Aim: an orc, wielding a +0 hand axe and wearing a +0 ring mail (100% to hit)
The magic dart hits the orc but does no damage.
Aim: an orc, wielding a +0 hand axe and wearing a +0 ring mail (100% to hit)
The magic dart hits the orc.
An orc priest comes into view. It is wielding a +0 hand axe.
An orc comes into view.
It is wielding a +2 short sword of venom.
Aim: an orc, wielding a +0 hand axe and wearing a +0 ring mail (heavily wounded, 100% to hit)
The magic dart hits the orc but does no damage.
An orc comes into view. It is wielding a +0 falchion.
Terence the Incautious comes into view.
He is wielding a +0 short sword and wearing a +2 chain mail of willpower.
Aim: an orc, wielding a +0 hand axe and wearing a +0 ring mail (heavily wounded, 82% to hit)
The searing ray hits the orc.
You kill the orc!
The searing ray misses the orc wizard. (Press . to maintain the ray.) Terence shouts!
A hobgoblin comes into view.
The orc wizard mumbles some strange words.
The orc wizard flickers and vanishes!
Deactivating autopickup; reactivate with Ctrl-A.
The searing ray hits something!
The orc priest begins to cast a cantrip, but forgets the words!
Terence shouts, "DIE!!!"
The searing ray hits something.
The searing ray misses the orc.
A magic dart appears from out of thin air!
The magic dart hits you!
The orc priest mumbles some strange prayers to Beogh against you.
Beogh smites you!
Without enough magic to sustain it, your searing ray dissipates.
The orc priest looks encouraged for a moment.
You don't have enough magic to cast this spell.
Something hits you.
You hear some strange, mumbled words.
A puff of flame appears from out of thin air!
The puff of flame hits you!
* * * LOW HITPOINT WARNING * * *
The kobold hits you with a +0 spear.
* * * LOW HITPOINT WARNING * * *
You hear some strange, mumbled words.
You are confused.
The kobold hits you with a +0 spear.
You die...

... .. ... ... # ♣o♣
♣.♣.... #..g....##)..
o♣)♣.♣.♣.... ##########
...... ....
##.<.##...##♣.♣.♣.♣#...
##.....@....#.g....##...
#......K.o..o♣.♣.♣.♣....
#.............## # #..
#.............##### ###
##...........#....... ..
##...##.......#######..
##..####..#### #...
..........# ...#
...#####.<# ###


You could see 2 orcs and a kobold.

Vanquished Creatures
  An iguana (D:2)
  Robin (D:2)
  A dart slug (D:2)
  3 orcs
  6 ball pythons
  5 endoplasms
  A giant cockroach (D:1)
  11 goblins
  2 hobgoblins (D:2)
  3 jackals
  2 quokkas
  2 bats
  A frilled lizard (D:2)
  4 kobolds
43 creatures vanquished.

Notes
Turn   | Place    | Note
-------+----------+-------------------------------------------
     0 | D:1      | domi the Demonspawn Conjurer began the quest for the Orb.
     0 | D:1      | Reached XP level 1. HP: 13/13 MP: 3/3
   413 | D:1      | Gained mutation: You have a pair of small horns on your
                  | head. [demonic ancestry]
   413 | D:1      | Reached XP level 2. HP: 19/19 MP: 3/5
  1016 | D:2      | Found Ywuogy's Jewellery Emporium.
  1294 | D:1      | Learned a level 2 spell: Searing Ray
  1374 | D:2      | Reached skill level 5 in Conjurations
  1427 | D:2      | Reached XP level 3. HP: 24/24 MP: 4/6
  1427 | D:2      | Noticed Robin
  1634 | D:2      | HP: 4/24 [Robin/+0 mace (6)]
  1635 | D:2      | Killed Robin
  1943 | D:2      | Reached XP level 4. HP: 30/30 MP: 0/7
  2463 | D:3      | Noticed Terence
  2473 | D:3      | HP: 3/30 [kobold/+0 spear (5)]
  2474 | D:3      | Slain by a kobold

Illustrated notes

Levels and vault maps discovered:
D:1:      tarquinn_simple_flora_water_d, layout_basic, minmay_door_square
D:2:      layout_loops_ring, serial_shops, shop, st_stairs_1, minmay_between,
          uniq_robin
D:3:      layout_rooms, portal_sewer_entry_e, serial_forest,
          infiniplex_forest_straight_1, infiniplex_forest_clump_curved,
          infiniplex_forest_straight_3, infiniplex_forest_lined_4_way,
          infiniplex_forest_end_2, infiniplex_forest_clump_medium,
          infiniplex_forest_lined_room_2, uniq_terence, uniq_ijyb

Skill      XL: |  1  2 |
---------------+-------+-----
Conjurations   | 5 |  5.6
Dodging        | |  1.7
Stealth        | |  1.7
Spellcasting   | |  2.3

Action                     |  1- 3 |  4- 6 || total
---------------------------+-------+-------++-------
  Melee: Unarmed           |    30 |       ||    30
   Cast: Magic Dart        |    68 |    14 ||    82
         Searing Ray       |     3 |     2 ||     5
    Use: Potion            |     1 |       ||     1
         Scroll            |       |     4 ||     4
 Armour: Robe              |    25 |       ||    25
  Dodge: Dodged            |    54 |     5 ||    59

Table legend: (Time is in decaauts)
 A = Elapsed time spent in this place.
 B = Non-inter-level travel time spent in this place.
 C = Inter-level travel time spent in this place.
 D = Time resting spent in this place.
 E = Time spent auto-exploring this place.
 F = Levels seen in this place.
 G = Mean time per level.
                   A        B        C        D        E       F      G
               +--------+--------+--------+--------+--------+-----+--------+
         Total |   2480 |   2357 |    123 |    387 |   1514 |   3 |  826.7 |
       Dungeon |   2480 |   2357 |    123 |    387 |   1514 |   3 |  826.7 |
               +--------+--------+--------+--------+--------+-----+--------+

Top non-repeatable levels by time:
     D:2: 1268 daAuts
     D:1: 1169 daAuts
     D:3: 42 daAuts

Table legend:
 A = Kills in this place as a percentage of kills in the entire game.
 B = Kills by you in this place as a percentage of kills by you in the entire game.
 C = Kills by friends in this place as a percentage of kills by friends in the entire game.
 D = Other kills in this place as a percentage of other kills in the entire game.
 E = Experience gained in this place as a percentage of experience gained in the entire game.
 F = Experience gained in this place divided by the number of levels of this place that you have seen.
                   A       B       C       D       E      F
               +-------+-------+-------+-------+-------+----------------------
         Total | 100.0 | 100.0 |   N/A |   N/A | 100.0 |  43.0
       Dungeon | 100.0 | 100.0 |   N/A |   N/A | 100.0 |  43.0
               +-------+-------+-------+-------+-------+----------------------
